Map: [ESL] Oceanborn

Players

ShoWTimE - Winner!

  • Race: Protoss Protoss
  • Spawn Location: 11:00

goblin

  • Race: Protoss Protoss
  • Spawn Location: 5:00

Event: ESL SC2 Masters 2024 Spring (Regional)

VOD

Have the link to the VOD?

Description

Time

  • Played on: April 25, 2024, 10:23 a.m.
  • Length: 16:00

All games in this series

Show
View Real Time Build Order
Export as new Build Order

ShoWTimE Protoss - Winner!

Build Orders: Phoenix Opening, Blink Stalkers, Zealot Archon 

Get SALT Encoding   

  12  0:00  Probe  
  13  0:12  Probe  
  14  0:17  Pylon  
  14  0:24  Probe (Chrono Boost)  
  15  0:35  Gateway  
  16  0:36  Probe (Chrono Boost)  
  16  0:43  Probe (Chrono Boost)  
  16  0:45  Assimilator  
  17  0:50  Probe  
  18  1:02  Probe (Chrono Boost)  
  19  1:04  Assimilator  
  19  1:10  Gateway  
  19  1:13  Probe (Chrono Boost)  
  19  1:18  Probe (Chrono Boost)  
  20  1:23  Cybernetics Core  
  21  1:29  Probe  
  22  1:34  Pylon  
  22  1:41  Probe  
  23  1:53  Probe  
  24  1:59  Adept x2  
  24  2:00  Warp Gate  
  28  2:05  Probe  
  29  2:11  Pylon  
  29  2:17  Probe  
  30  2:26  Pylon  
  30  2:29  Sentry x2  
  34  2:48  Nexus  
  34  2:51  Probe  
  35  2:54  Sentry  
  37  3:00  Pylon  
  39  3:06  Phoenix, Probe  
  38  3:15  Twilight Council  
  38  3:18  Probe (Chrono Boost)  
  39  3:30  Probe (Chrono Boost)  
  40  3:36  Robotics Facility, Probe (Chrono Boost)  
  40  3:41  Phoenix  
  41  3:45  Probe  
  42  3:49  Blink (Chrono Boost)  
  42  3:57  Probe (Chrono Boost)  
  42  4:00  Probe (Chrono Boost)  
  44  4:09  Probe (Chrono Boost)  
  46  4:10  Stalker x2, Probe (Chrono Boost)  
  46  4:13  Probe (Chrono Boost)  
  46  4:15  Probe (Chrono Boost)  
  51  4:20  Shield Battery  
  51  4:22  Observer  
  51  4:23  Probe  
  53  4:26  Pylon, Probe  
  55  4:35  Probe  
  56  4:38  Assimilator, Probe  
  56  4:44  Observer  
  59  4:47  Probe  
  59  4:50  Pylon  
  59  4:51  Probe  
  59  4:52  Nexus  
  56  4:55  Stalker  
  56  4:58  Stalker  
  60  5:09  Shield Battery  
  60  5:11  Shield Battery, Probe x2  
  62  5:14  Immortal (Chrono Boost)  
  66  5:21  Stalker  
  66  5:25  Phoenix, Stalker  
  66  5:27  Probe  
  72  5:28  Probe  
  72  5:35  Pylon  
  72  5:39  Probe  
  72  5:42  Probe, Gateway  
  74  5:46  Gateway  
  74  5:49  Stalker  
  76  5:51  Probe  
  76  5:54  Stalker  
  76  5:55  Observer, Probe (Chrono Boost)  
  80  6:03  Forge  
  80  6:04  Probe x2 (Chrono Boost)  
  82  6:08  Probe (Chrono Boost)  
  84  6:15  Probe x2 (Chrono Boost)  
  84  6:16  Probe (Chrono Boost)  
  87  6:19  Probe (Chrono Boost)  
  87  6:20  Probe (Chrono Boost)  
  87  6:21  Assimilator  
  87  6:22  Probe  
  90  6:26  Stalker x2  
  90  6:29  Phoenix, Protoss Ground Weapons Level 1 (Chrono Boost)  
  90  6:30  Probe x2  
  90  6:31  Pylon  
  96  6:33  Charge  
  96  6:34  Probe  
  97  6:45  Gateway  
  97  6:47  Gateway  
  97  6:50  Nexus  
  97  6:57  Pylon  
  97  7:01  Gateway  
  97  7:03  Gateway  
  97  7:04  Immortal (Chrono Boost)  
  97  7:06  Pylon  
  101  7:13  Templar Archives  
  101  7:14  Zealot x3  
  107  7:18  Zealot  
  107  7:20  Pylon  
  109  7:25  Shield Battery  
  109  7:26  Shield Battery  
  109  7:33  Immortal (Chrono Boost)  
  113  7:38  Zealot  
  113  7:39  Zealot x3, Pylon  
  121  7:47  Photon Cannon  
  121  7:53  High Templar x2  
  121  7:56  Photon Cannon  
  121  7:58  Archon  
  125  7:59  Photon Cannon  
  125  8:01  Probe x3  
  125  8:04  High Templar x2  
  125  8:05  Zealot x4  
  140  8:07  Warp Prism (Chrono Boost)  
  140  8:08  Protoss Ground Weapons Level 2 (Chrono Boost)  
  140  8:11  Archon  
  142  8:19  Probe x2  
  145  8:20  Probe x2  
  145  8:25  Pylon  
  146  8:28  Gateway  
  146  8:33  Zealot x3, Gateway  
  150  8:47  Zealot x5  
  160  8:51  Pylon  
  160  8:53  Pylon  
  160  8:54  Pylon  
  160  9:00  Pylon  
  160  9:02  High Templar  
  160  9:03  High Templar  
  160  9:08  Archon  
  164  9:10  Zealot x4, Pylon  
  164  9:12  Pylon  
  164  9:13  Zealot x2  
  174  9:27  Pylon  
  174  9:30  Zealot x6  
  184  9:34  Zealot x2, Robotics Bay  
  184  9:35  Robotics Facility  
  182  9:39  Assimilator  
  182  9:41  Assimilator  
  178  9:52  Stalker x4  
  178  9:53  Stalker x4  
  178  9:55  Probe x3  
  178  9:57  Probe  
  178  9:58  Zealot  
  196  10:00  Protoss Ground Weapons Level 3 (Chrono Boost)  
  196  10:18  Pylon  
  192  10:25  Probe  
  191  10:28  Disruptor x2 (Chrono Boost)  
  191  10:29  Photon Cannon x2  
  191  10:32  Photon Cannon  
  191  10:34  Gravitic Boosters  
  195  10:47  Nexus  
  195  10:49  Photon Cannon x2  
  195  10:50  Shield Battery  
  195  10:54  Forge  
  195  10:57  Disruptor (Chrono Boost)  
  199  11:05  Photon Cannon  
  199  11:09  Photon Cannon  
  199  11:10  Pylon  
  199  11:22  Gateway  
  199  11:23  Gateway  
  199  11:25  Disruptor (Chrono Boost)  
  193  11:43  Disruptor (Chrono Boost)  
  193  11:44  Protoss Ground Armor Level 1 (Chrono Boost)  
  189  11:50  Disruptor (Chrono Boost)  
  193  11:54  Dark Shrine  
  193  11:57  Gateway  
  193  11:59  Gateway  
  193  12:01  Gateway  
  193  12:03  Stalker x3, Gateway  
  193  12:05  Gateway  
  189  12:22  Zealot x7  
  191  12:25  Disruptor  
  191  12:26  Disruptor  
  193  12:30  Protoss Shields Level 1 (Chrono Boost)  
  184  12:46  Zealot x6  
  184  12:47  Zealot x4  
  184  12:49  Probe x2  
  184  12:50  Probe  
  199  12:51  Photon Cannon  
  199  12:55  Pylon  
  188  13:06  Observer (Chrono Boost), Disruptor (Chrono Boost)  
  184  13:13  Stalker x8  
  190  13:40  Stalker  
  190  13:41  Stalker x4  
  190  13:51  Stalker x4  
  190  13:52  Stalker x3  
  196  14:03  Stargate  
  196  14:13  Photon Cannon  
  196  14:16  Photon Cannon  
  192  14:18  Photon Cannon  
  192  14:20  Observer  
  192  14:21  Zealot x7  
  192  14:22  Zealot  
  199  14:27  Zealot x3  
  199  14:28  Zealot x3  
  195  14:37  Observer  
  181  14:41  Stalker  
  181  14:42  Stalker x10  
  181  14:44  Nexus  
  199  14:49  Pylon  
  199  14:54  Zealot, Observer  
  200  15:11  Photon Cannon  
  200  15:12  Photon Cannon  
  196  15:14  Photon Cannon  
  196  15:16  Photon Cannon  
  196  15:17  Shield Battery  
  192  15:26  Stalker x8  
  198  15:38  Zealot  
  186  15:58  Zealot x3  
Show
View Real Time Build Order
Export as new Build Order

goblin Protoss 

Build Orders: Phoenix Opening, Zealot Archon 

Get SALT Encoding   

  12  0:00  Probe  
  13  0:12  Probe  
  14  0:16  Pylon  
  14  0:24  Probe (Chrono Boost)  
  15  0:36  Probe (Chrono Boost), Gateway  
  16  0:44  Probe (Chrono Boost)  
  16  0:45  Assimilator  
  17  0:51  Probe  
  17  0:54  Assimilator  
  18  1:03  Probe (Chrono Boost)  
  19  1:06  Gateway  
  19  1:13  Probe (Chrono Boost)  
  19  1:18  Probe (Chrono Boost)  
  20  1:23  Cybernetics Core  
  21  1:29  Probe  
  22  1:35  Pylon  
  22  1:41  Probe  
  23  1:53  Probe  
  24  2:00  Sentry, Stalker  
  24  2:01  Warp Gate  
  28  2:08  Probe  
  29  2:10  Pylon  
  29  2:24  Stalker  
  29  2:28  Probe  
  32  2:31  Sentry  
  34  2:40  Probe  
  35  2:52  Probe  
  35  2:54  Phoenix  
  35  2:55  Sentry  
  37  2:59  Shield Battery  
  37  3:07  Nexus  
  37  3:08  Robotics Facility  
  37  3:16  Pylon  
  37  3:17  Probe  
  38  3:29  Probe  
  39  3:36  Twilight Council  
  39  3:37  Phoenix  
  39  3:41  Probe  
  40  3:52  Warp Prism (Chrono Boost)  
  40  3:53  Probe  
  43  4:05  Probe  
  43  4:09  Stalker  
  46  4:17  Probe  
  46  4:20  Probe  
  48  4:24  Dark Shrine  
  48  4:28  Phoenix  
  49  4:32  Probe (Chrono Boost)  
  49  4:33  Probe (Chrono Boost)  
  49  4:36  Immortal  
  54  4:41  Stalker  
  54  4:44  Probe (Chrono Boost)  
  54  4:45  Probe (Chrono Boost)  
  57  4:49  Probe  
  58  4:53  Probe  
  59  5:00  Pylon  
  59  5:02  Probe  
  60  5:08  Nexus  
  60  5:12  Probe  
  60  5:14  Probe  
  62  5:15  Observer  
  62  5:17  Blink (Chrono Boost)  
  63  5:24  Probe  
  63  5:26  Probe  
  65  5:30  Assimilator  
  65  5:32  Assimilator  
  65  5:36  Pylon, Probe  
  65  5:38  Observer, Forge  
  65  5:39  Probe  
  68  5:48  Probe (Chrono Boost)  
  69  5:52  Probe (Chrono Boost)  
  69  5:54  Pylon  
  70  6:00  Immortal, Probe (Chrono Boost)  
  70  6:03  Probe (Chrono Boost)  
  76  6:04  Stalker, Protoss Ground Weapons Level 1 (Chrono Boost)  
  76  6:09  Pylon  
  76  6:11  Probe (Chrono Boost)  
  78  6:12  Probe (Chrono Boost)  
  80  6:20  Probe (Chrono Boost), Gateway  
  80  6:23  Probe (Chrono Boost)  
  80  6:25  Gateway  
  83  6:29  Probe (Chrono Boost)  
  83  6:30  Probe x2 (Chrono Boost)  
  85  6:35  Stalker, Probe x2 (Chrono Boost)  
  85  6:37  Stalker, Probe  
  92  6:45  Immortal  
  96  6:47  Probe x2  
  98  7:01  Stalker x2  
  98  7:04  Pylon  
  98  7:05  Pylon, Shield Battery  
  102  7:10  Nexus  
  102  7:18  Dark Templar  
  102  7:19  Dark Templar  
  106  7:23  Gateway  
  106  7:24  Archon, Gateway  
  106  7:28  Stalker x2  
  110  7:37  Probe  
  110  7:38  Probe  
  110  7:42  Probe  
  113  7:45  Pylon  
  113  7:49  Forge  
  113  7:50  Probe  
  114  7:55  Protoss Ground Weapons Level 2 (Chrono Boost), Stalker x4  
  114  7:58  Probe x2  
  124  8:00  Photon Cannon  
  124  8:02  Pylon  
  124  8:13  Protoss Ground Armor Level 1 (Chrono Boost)  
  124  8:14  Gateway  
  124  8:15  Pylon, Probe x2  
  124  8:16  Gateway  
  126  8:23  Probe x2  
  126  8:25  Observer  
  128  8:29  Stalker x2, Dark Templar x2  
  137  8:35  Archon  
  137  8:42  Stalker x2  
  140  8:53  Photon Cannon, Shield Battery  
  140  8:56  Pylon  
  140  8:57  Stalker x2  
  144  9:07  Assimilator, Shield Battery  
  144  9:09  Stalker x5  
  154  9:12  Pylon  
  152  9:19  Stalker  
  152  9:20  Probe x2  
  156  9:25  Zealot x2  
  159  9:39  Zealot x2  
  159  9:40  Zealot x3, Shield Battery  
  159  9:43  Shield Battery  
  167  9:47  Protoss Shields Level 1 (Chrono Boost)  
  167  9:49  Stalker x3  
  167  9:50  Protoss Ground Weapons Level 3 (Chrono Boost)  
  161  9:59  Assimilator  
  161  10:05  Stalker x3  
  167  10:11  Pylon  
  165  10:23  Stalker x3  
  165  10:26  Gateway  
  165  10:27  Gateway  
  165  10:28  Photon Cannon  
  171  10:30  Photon Cannon  
  171  10:34  Pylon  
  170  10:35  Pylon  
  170  10:36  Stalker  
  172  10:51  Charge  
  172  10:54  Gateway  
  172  10:55  Pylon, Stalker x7  
  186  10:57  Gateway  
  186  10:58  Pylon, Probe x2  
  186  11:00  Assimilator  
  188  11:24  Nexus  
  184  11:25  Pylon  
  184  11:28  Observer  
  182  11:32  Photon Cannon  
  182  11:34  Protoss Ground Armor Level 2 (Chrono Boost)  
  182  11:35  Photon Cannon  
  182  11:36  Shield Battery  
  180  11:48  Observer (Chrono Boost), Photon Cannon, Probe  
  180  11:49  Probe x3  
  185  11:58  Stalker x5  
  195  12:01  Pylon  
  195  12:04  Pylon  
  193  12:12  Dark Templar x3  
  193  12:15  Pylon  
  190  12:24  Protoss Shields Level 2 (Chrono Boost)  
  190  12:27  Photon Cannon  
  190  12:30  Photon Cannon  
  190  12:32  Pylon, Warp Prism  
  190  12:33  Photon Cannon  
  190  12:36  Zealot x3  
  191  12:51  Photon Cannon  
  189  12:52  Probe  
  189  12:53  Stalker x4, Photon Cannon  
  189  12:54  Stalker, Photon Cannon  
  189  12:55  Shield Battery  
  189  12:56  Photon Cannon  
  200  13:01  Archon  
  200  13:04  Observer  
  171  13:13  Zealot x2, Dark Templar x2  
  171  13:14  Stalker x3, Probe x2  
  171  13:15  Probe  
  171  13:18  Assimilator  
  188  13:22  Assimilator, Observer  
  188  13:24  Pylon  
  187  13:37  Stalker x6  
  193  13:49  Observer  
  184  14:01  Zealot  
  184  14:02  Zealot x10  
  198  14:13  Gateway  
  198  14:15  Gateway x2  
  186  14:18  Gateway  
  166  14:30  Stalker x12  
  134  14:56  Nexus  
  134  14:57  Pylon  
  134  14:59  Zealot  
  136  15:00  Zealot x7  
  145  15:18  Stalker x8  
  144  15:39  Zealot x8  
  144  15:42  Sentry  
  159  15:44  Dark Templar x3  
  146  15:52  Zealot  
  146  15:53  Zealot x2  
Tags
 
Add a new tag
Caveats
  • Supply blocks, unpowered buildings, or Contaminate may cause inaccurate times.
  • Supply counts are checked every 10 seconds.